AoeStats
← VidelaMVSS

Yucatan

510592885Analyzed
2v2 RM · 23h ago on Oct 1, 2026· 41m 56s· 4 players
Game mode
Random Map
Map size
Medium (4 player)
Population
200
Speed
Normal
Resources
Standard
Victory
Conquest
Starting age
Dark Age
Ending age
Imperial Age
RankedLock teamsTeams togetherTeam positionsShared explorationLock speedFull tech treeHidden civsTurbo modeCheats
Victory
Defeat
🇦🇷 Khmer · Argentina
884
+18
🇩🇪 Franks · Germany
874
+18
🇪🇸 Huns · Spain
981
-59
🇦🇷 Britons · Argentina
873
-16
Agnes Tachyon
4:10 Loom
9:32 Feudal Age
10:56 Wheelbarrow
10:15 Double-Bit Axe
18:14 Castle Age
16:12 Gold Mining
18:22 Horse Collar
19:46 Gold Shaft Mining
20:55 Stone Mining
21:42 Fletching
26:46 Bodkin Arrow
31:58 Bow Saw
32:09 Padded Archer Armor
32:31 Heavy Plow
36:30 Imperial Age
35:21 Hand Cart
35:47 Leather Archer Armor
36:41 Forging
36:36 Scale Barding Armor
38:22 Chemistry
37:43 Ballistics
39:46 Stone Shaft Mining
40:18 Bracer
40:56 Ring Archer Armor
40:58 Crop Rotation
40:17 Town Watch
BABAN
0:27 Loom
11:41 Feudal Age
13:06 Wheelbarrow
12:32 Town Watch
15:37 Forging
15:33 Scale Barding Armor
21:58 Castle Age
19:51 Stone Mining
22:59 Hand Cart
23:15 Gold Mining
23:38 Husbandry
26:03 Fletching
27:08 Gold Shaft Mining
26:36 Padded Archer Armor
26:38 Scale Mail Armor
26:40 Squires
27:47 Double-Bit Axe
28:28 Fervor
28:23 Murder Holes
29:28 Ballistics
29:33 Bow Saw
30:16 Ordonnance Companies
39:12 Imperial Age
37:05 Town Patrol
39:11 Iron Casting
39:43 Chain Barding Armor
39:13 Cavalier
41:41 Plate Barding Armor
42:07 Blast Furnace
41:47 Paladin
VidelaMVSS
12:48 Feudal Age
15:55 Bloodlines
15:44 Double-Bit Axe
19:03 Scale Barding Armor
JCM
7:48 Loom
14:28 Feudal Age
15:16 Double-Bit Axe
18:33 Castle Age
18:02 Fletching
18:13 Horse Collar
19:01 Crossbowman
20:28 Bow Saw
21:05 Ballistics
23:20 Heavy Plow
24:45 Padded Archer Armor
27:41 Gold Mining
28:07 Stone Mining
29:30 Wheelbarrow
29:40 Bodkin Arrow
31:48 Pikeman
32:29 Squires
34:10 Yeomen
40:07 Imperial Age
38:21 Husbandry
37:41 Light Cavalry
Connection lost

Rejoining the realm…

Still unreachable

The connection could not be restored.

Session expired

The server has moved on; the page needs a fresh start.